 Dungeon Crawl Stone Soup version 0.29-a0-870-g2c972031a6 (webtiles) character file.

Game seed: 11942299245866827851

989 Sabo the Chopper (level 7, -2/54 HPs)
             Began as a Demonspawn Gladiator on July 16, 2022.
             Was a Priest of Fedhas.
             Slain by a hornet (10 damage)
             ... on level 5 of the Dungeon on July 17, 2022.
             The game lasted 00:29:35 (5333 turns).

Sabo the Chopper (Demonspawn Gladiator)             Turns: 5333, Time: 00:29:39

Health: -2/54      AC: 11    Str: 21    XL:     7   Next: 98%
Magic:  16/16      EV:  9    Int: 11    God:    Fedhas [***...]
Gold:   298        SH:  0    Dex: 14    Spells: 6/6 levels left

rFire   . . .      SeeInvis .   s - +2 hand axe "Earthworm" {speed, MP+9 Str+4 Int+2 Stlth+}
rCold   + . .      Faith    .   (no shield)
rNeg    . . .      Spirit   .   p - +0 chain mail
rPois   .          Reflect  .   c - +0 helmet
rElec   .          Harm     .   n - +0 cloak
rCorr   .          Rampage  .   (no gloves)
Will    .....                   (boots unavailable)
Stlth   ..........              (no amulet)
HPRegen 0.18/turn               t - ring of protection from cold
MPRegen 0.30/turn               (no ring)

@: lethally poisoned (-2 -> -15), slowed, very slow
A: hooves 3, magic regeneration
a: Renounce Religion, Wall of Briars, Grow Ballistomycete


You were on level 5 of the Dungeon.
You worshipped Fedhas.
Fedhas was most pleased with you.
You visited 1 branch of the dungeon, and saw 5 of its levels.

You collected 298 gold pieces.

Inventory:

Hand Weapons
 a - a +0 war axe
 j - a +0 battleaxe
 s - the +2 hand axe "Earthworm" (weapon) {speed, MP+9 Str+4 Int+2 Stlth+}
   (You found it on level 2 of the Dungeon)

   Attacks with this weapon are significantly faster.
   Str:       It affects your strength (+4).
   Int:       It affects your intelligence (+2).
   MP:        It affects your magic capacity (+9).
   Stlth:     It makes you more stealthy.
 A - the +5 short sword of Emyurgh Lell {drain, rElec rN+}
   (You found it on level 4 of the Dungeon)

   A truly terrible weapon, it drains the life of any living foe it strikes.
   rElec:     It insulates you from electricity.
   rN:        It protects you from negative energy.
Missiles
 d - 2 throwing nets
 e - a javelin
 h - 2 silver javelins
 m - 2 boomerangs (quivered)
 y - 10 poisoned darts
Armour
 c - a +0 helmet (worn)
 n - a +0 cloak (worn)
 p - a +0 chain mail (worn)
Jewellery
 t - a ring of protection from cold (left hand)
Wands
 b - a wand of roots (8)
 x - a wand of flame (15)
Scrolls
 l - a scroll of magic mapping
 u - a scroll of fog
 v - a scroll of teleportation
 B - a scroll of blinking {unknown}
 C - a scroll of silence
 E - a scroll of poison {unknown}
 F - 2 scrolls of enchant weapon
Potions
 f - a potion of lignification {unknown}
 g - a potion of degeneration {unknown}
 i - 2 potions of attraction {unknown}
 k - 2 potions of magic
 o - 3 potions of heal wounds
 q - a potion of mutation {unknown}
 r - a potion of curing
 w - a potion of might {unknown}
 z - 2 potions of haste {unknown}


   Skills:
 + Level 4.2 Fighting
 + Level 5.9 Axes
 + Level 3.1 Throwing
 + Level 4.0 Armour
 + Level 3.3 Dodging
 + Level 0.6 Stealth


You had 6 spell levels left.
You didn't know any spells.
Your spell library was empty.

Dungeon Overview and Level Annotations

Branches:
Dungeon (5/15)
 Temple: D:4-7

Altars:
Cheibriados
Fedhas


Innate Abilities, Weirdness & Mutations

You have hooves in place of feet.
You regenerate magic rapidly.


Message History

The hornet barely misses you.
You hit the hornet. Your kick misses the hornet.
The hornet is heavily wounded.
The hornet closely misses you.
You miss the hornet.
The hornet is heavily wounded.
The hornet barely misses you. The hornet stings you.
You feel as though you will be slow longer.
You miss the hornet.
The hornet is heavily wounded.
The hornet stings you.
You are poisoned.
You feel as though you will be slow longer.
The hornet stings you!
You feel as though you will be slow longer.
You closely miss the hornet. You kick the hornet, but do no damage.
The hornet is heavily wounded.
You feel very sick. The hornet barely misses you.
You barely miss the hornet.
The hornet is heavily wounded.
You feel sick.
The hornet stings you but does no damage. x2
You completely miss the hornet.
The hornet is heavily wounded.
You feel sick. The hornet stings you!
* * * LOW HITPOINT WARNING * * *
You are more poisoned.
You feel as though you will be slow longer.
You feel much better.
* * * LOW HITPOINT WARNING * * *
You feel very sick. The hornet barely misses you. x2
You feel better. The hornet stings you!
* * * LOW HITPOINT WARNING * * *
You are lethally poisoned!
You feel as though you will be slow longer.
The hornet stings you!
You die...
Fedhas appreciates your contribution to the ecosystem.

#.# ######.###
#........#
#.####.#.#
#.#.##.#.#
#.#.##.#.#
#......#.# #
#######.###.###.#
............y@..#
#######.###.#####
.... #.#
.....#.#.#
.......#.#.#
###.#$.. ..#
.....# ### ..
####


You could see a hornet.

Vanquished Creatures
  A shadow (D:5)
  An ogre (D:5)
  A kobold brigand (D:5)
  A necrophage (D:5)
  A scorpion (D:5)
  2 jellies (D:4)
  3 hounds
  3 gnoll boudas
  3 iguanas
  14 gnolls
  3 adders
  An ufetubus (D:5)
  2 worms (D:5)
  3 orcs (D:5)
  7 ball pythons
  9 endoplasms
  3 giant cockroaches
  6 goblins
  6 hobgoblins
  8 jackals
  5 quokkas
  7 bats
  3 frilled lizards (D:2)
  13 kobolds
  6 rats
112 creatures vanquished.

Notes
Turn   | Place    | Note
-------+----------+-------------------------------------------
     0 | D:1      | Sabo the Demonspawn Gladiator began the quest for the Orb.
     0 | D:1      | Reached XP level 1. HP: 16/16 MP: 1/1
   185 | D:1      | Gained mutation: You have large cloven feet. [demonic
                  | ancestry]
   185 | D:1      | Reached XP level 2. HP: 15/22 MP: 2/2
   399 | D:1      | Reached skill level 3 in Axes
  1018 | D:1      | Found a faded altar of an unknown god.
  1032 | D:1      | Prayed at the altar of an unknown god.
  1032 | D:1      | Became a worshipper of Fedhas Madash
  1032 | D:1      | Reached * piety under Fedhas
  1118 | D:2      | Gained mutation: You have hoof-like feet. [demonic
                  | ancestry]
  1118 | D:2      | Reached XP level 3. HP: 24/27 MP: 3/3
  1172 | D:2      | Identified the +2 hand axe "Earthworm" {speed, MP+9 Str+4
                  | Int+2 Stlth+}
  1777 | D:2      | Reached ** piety under Fedhas
  2232 | D:3      | Found a snail-covered altar of Cheibriados.
  2337 | D:3      | Reached skill level 1 in Armour
  2421 | D:3      | Gained mutation: You have hooves in place of feet. [demonic
                  | ancestry]
  2421 | D:3      | Reached XP level 4. HP: 29/33 MP: 4/4
  3048 | D:3      | Upgraded the game from 0.29-a0-857-g9b1aa3ac5b to
                  | 0.29-a0-870-g2c972031a6
  3274 | D:4      | Reached skill level 4 in Axes
  3274 | D:4      | Reached XP level 5. HP: 32/39 MP: 5/5
  3614 | D:4      | Identified the +5 short sword of Emyurgh Lell {drain, rElec
                  | rN+}
  3912 | D:4      | Reached *** piety under Fedhas
  3918 | D:4      | Reached XP level 6. HP: 15/46 MP: 6/6
  4362 | D:5      | Entered Level 5 of the Dungeon
  4645 | D:5      | Reached skill level 5 in Axes
  4848 | D:5      | Gained mutation: You regenerate magic rapidly. [demonic
                  | ancestry]
  4848 | D:5      | Reached XP level 7. HP: 49/52 MP: 7/7
  5071 | D:5      | Noticed a shadow
  5119 | D:5      | Killed a shadow
  5312 | D:5      | Noticed a hornet
  5321 | D:5      | Paralysed by a hornet for 1 turns
  5333 | D:5      | Slain by a hornet

Illustrated notes

Levels and vault maps discovered:
D:1:      heliophobic_arrival_dark_side_of_the_moon, layout_basic,
          hellmonk_ecumenical_altar_prayer_group, ebering_dispersal_statue_hall,
          minmay_pentomino_r2
D:2:      layout_loops_ring, grunt_ministairs_10, grunt_decor_fettered
D:3:      layout_basic, cheibriados_altar_1, nicolae_figureground_pulse
D:4:      layout_layer_cave, nrook_mini_backslash, serial_bayou_pond_d,
          kennysheep_nub
D:5:      cheibrodos_barr_body, layout_basic, worldfamousw_hep_ancestral_shrine

Skill      XL: |  1  2  3  4  5  6  7 |
---------------+----------------------+-----
Axes           | 3 4 5 |  5.9
Dodging        | 3 |  3.3
Armour         | 1 2 3 4 |  4.0
Throwing       | 2 3 |  3.1
Fighting       | 3 4 |  4.2
Stealth        | |  0.6

Action                   |  1- 3 |  4- 6 |  7- 9 || total
-------------------------+-------+-------+-------++-------
Melee: War axe           |    68 |       |       ||    68
       Kick              |     2 |    40 |    27 ||    69
       Punch             |     1 |     1 |     5 ||     7
       Hand axe          |    66 |   128 |    96 ||   290
Throw: Dart              |       |     9 |       ||     9
       Boomerang         |       |     9 |       ||     9
       Javelin           |       |     3 |       ||     3
       Throwing net      |       |     1 |       ||     1
Invok: Wall of Briars    |       |     1 |       ||     1
  Use: Scroll            |     5 |     3 |       ||     8
       Potion            |     1 |     1 |     5 ||     7
Armor: Leather armour    |    28 |       |       ||    28
       Chain mail        |    48 |    52 |    32 ||   132
Dodge: Dodged            |    78 |    41 |    33 ||   152

Table legend: (Time is in decaauts)
 A = Elapsed time spent in this place.
 B = Non-inter-level travel time spent in this place.
 C = Inter-level travel time spent in this place.
 D = Time resting spent in this place.
 E = Time spent auto-exploring this place.
 F = Levels seen in this place.
 G = Mean time per level.
                   A        B        C        D        E       F      G
               +--------+--------+--------+--------+--------+-----+--------+
         Total |   5283 |   5283 |      0 |   1537 |     14 |   5 | 1056.6 |
       Dungeon |   5283 |   5283 |      0 |   1537 |     14 |   5 | 1056.6 |
               +--------+--------+--------+--------+--------+-----+--------+

Top non-repeatable levels by time:
     D:4: 1296 daAuts
     D:1: 1135 daAuts
     D:2: 1090 daAuts
     D:5: 936 daAuts
     D:3: 825 daAuts
